 Dungeon Crawl Stone Soup version 0.29.1-1-gd02db6906a (webtiles) character file.

Game seed: 1156564699795797592

12965 DemonSlayer the Thaumaturge (level 11, -2/73 HPs)
             Began as a Demonspawn Fire Elementalist on Sept 20, 2022.
             Was a High Priest of Cheibriados.
             Slain by a komodo dragon (17 damage)
             ... on level 2 of the Lair of Beasts.
             The game lasted 00:38:47 (15706 turns).

DemonSlayer the Thaumaturge (DsFE)                 Turns: 15706, Time: 00:38:47

Health: -2/73      AC: 13    Str: 20    XL:     11   Next: 69%
Magic:  33/35      EV: 15    Int: 31    God:    Cheibriados [*****.]
Gold:   692        SH:  9    Dex: 25    Spells: 10/33 levels left

rFire   . . .      SeeInvis .   l - +3 whip (venom)
rCold   + . .      Faith    .   N - +0 buckler
rNeg    . . .      Spirit   .   p - +2 robe {rC+}
rPois   +          Reflect  .   (helmet restricted)
rElec   +          Harm     .   H - +2 cloak
rCorr   .          Rampage  .   (no gloves)
Will    .....                   f - +1 pair of boots
Stlth   +++.......              r - amulet of magic regeneration
HPRegen 0.22/turn               k - ring of poison resistance
MPRegen 0.64/turn               v - ring of magical power

@: flying, very slow
A: horns 2, thin metallic scales 3, spiny 2, condensation shield, hooves 1
a: Renounce Religion, Bend Time, Temporal Distortion, Slouch, Step From Time


You were on level 2 of the Lair of Beasts.
You worshipped Cheibriados.
Cheibriados was extremely pleased with you.
You visited 2 branches of the dungeon, and saw 11 of its levels.

You collected 692 gold pieces.

Inventory:

Hand Weapons
 l - a +3 whip of venom (weapon)
 A - a +0 great mace
 L - a +0 triple sword
Missiles
 c - 6 curare-tipped darts
 i - 2 throwing nets
Armour
 f - a +1 pair of boots (worn)
 p - a +2 robe of cold resistance (worn)
 E - a +0 ring mail of cold resistance
 H - a +2 cloak (worn)
 N - a +0 buckler (worn)
Magical Staves
 g - a staff of fire
 t - a staff of poison
 u - a staff of air
 I - a staff of death
 M - a staff of conjuration
Jewellery
 k - a ring of poison resistance (left hand)
 r - an amulet of magic regeneration (around neck)
 s - a ring of resist corrosion
 v - a ring of magical power (right hand)
 w - an amulet of the acrobat
Wands
 y - a wand of quicksilver (5)
 B - a wand of flame (23)
 F - a wand of iceblast (6)
Scrolls
 h - 3 scrolls of torment
 C - 3 scrolls of amnesia
 D - 2 scrolls of immolation
Potions
 b - a potion of magic
 m - a potion of brilliance
 q - 2 potions of attraction
 z - 2 potions of mutation
 G - a potion of resistance
Miscellaneous
 O - a tin of tremorstones (2/2)


   Skills:
 + Level 2.4 Fighting
 + Level 2.2 Maces & Flails
 + Level 1.2 Throwing
 + Level 4.2 Dodging
 + Level 3.2 Stealth
 + Level 1.6 Shields
 + Level 11.5 Spellcasting
 + Level 4.3 Conjurations
 + Level 11.0 Fire Magic
 + Level 1.8 Earth Magic
 + Level 0.3 Evocations


You had 10 spell levels left.
You knew the following spells:

 Your Spells              Type           Power      Damage    Failure   Level
a - Foxfire               Conj/Fire      100%       2x1d9     1%          1
b - Scorch                Fire           100%       2d10      1%          2
c - Blink                 Tloc           34%        N/A       5%          2
d - Conjure Flame         Conj/Fire      60%        6-21      1%          3
e - Flame Wave            Conj/Fire      60%        2d14      1%          4
f - Stone Arrow           Conj/Erth      72%        3d11      3%          3
g - Fulminant Prism       Conj/Hex       15%        3d11      16%         4
h - Iskenderun's Mystic   Conj/Tloc      31%        2d8       16%         4

Your spell library contained the following spells:

 Spells                   Type           Power      Damage    Failure   Level
 Sandblast                Erth           58%        2d13      1%          1
 Inner Flame              Hex/Fire       51%        N/A       1%          3
 Passwall                 Tmut/Erth      19%        N/A       3%          2
 Lesser Beckoning         Tloc           17%        N/A       11%         3
 Anguish                  Hex/Necr       8%         N/A       36%         4
 Lee's Rapid Deconstruct  Erth           14%        3d10*     43%         5
 Borgnjor's Vile Clutch   Necr/Erth      11%        N/A       56%         5
 Manifold Assault         Tloc           17%        N/A       71%         5
 Haunt                    Necr/Summ      8%         N/A       100%        7


Dungeon Overview and Level Annotations

Branches:
Dungeon (9/15)             Temple (0/1) D:6            Lair (2/5) D:9
  Swamp (0/4) Lair:2       Spider (0/4) Lair:2
    Orc: D:9-12

Altars:
Cheibriados
Dithmenos
Hepliaklqana
Okawaru
Qazlal
Ru
Sif Muna
Trog
Uskayaw


Innate Abilities, Weirdness & Mutations

You have a pair of horns on your head.
You are completely covered in thin metallic scales. (AC +4, rElec)
You are mostly covered in sharp spines.
A meltable shield of frost defends you. (SH +4)
You have large cloven feet.


Message History

You block the elephant's attack. The elephant misses you.
You hit the elephant.
The elephant looks as sick as possible!
The elephant is heavily wounded.
You block the elephant's attack. The elephant barely misses you.
You completely miss the elephant.
The elephant is heavily wounded.
You block the elephant's attack. x2
You hit the elephant but do no damage.
The elephant looks as sick as possible!
The elephant is severely wounded.
You block the elephant's attack.
The elephant trunk-slaps you but does no damage.
You hit the elephant.
The elephant looks as sick as possible!
The elephant is severely wounded.
The elephant closely misses you. x2
You hit the elephant but do no damage.
The elephant looks as sick as possible!
You headbutt the elephant.
The elephant is almost dead.
The elephant is struck by your spines. The elephant closely misses you.
You block the elephant's attack.
You hit the elephant.
You kill the elephant!
Cheibriados appreciates the change of pace.
You hear the slow rumble of a very distant avalanche of rocks.
You hit the komodo dragon but do no damage.
The komodo dragon is poisoned.
You headbutt the komodo dragon!
The komodo dragon is moderately wounded.
You block the komodo dragon's attack.
You hit the komodo dragon.
The komodo dragon looks as sick as possible!
You headbutt the komodo dragon.
The komodo dragon is moderately wounded.
You block the komodo dragon's attack.
You hit the komodo dragon.
The komodo dragon looks as sick as possible!
The komodo dragon is heavily wounded.
You block the komodo dragon's attack.
You closely miss the komodo dragon. You headbutt the komodo dragon!
The komodo dragon is severely wounded.
The komodo dragon bites you!
You die...

**,,,*,,*,,,,,,,.S.PP.#.##.......
**,*****,,,,,,,,..............#.
*** *,,,,,*****,##............
**,,,,,* **#............. *,,,,**
#...##.##..... *,,,**
##..#####..... ******,,,,* #..#
#..... ****,**,,,,,** ### #..#
*#..<#. ,,,,,,,,,,,,* #@##
#..###*P...#.
,,,,*,,,,*,.#####l###....#*.....,
,,**,*,***.......YY....#.......#.
,,**,*,*,*#(...........#.##..,,,*
,,,*,,,,,*...#.....#......#*.,,,,
,,,,,,>,,,..*#......#.......,,,,,
,,,**,,,,*,,........#.....#.,,,,,
,,,*,*,*,**.P#.....#..[⌠..#,,,,,,
,,,,**,***,..#...⌠..#.......,⌠,,*


You could see 2 elephants and a komodo dragon (extremely poisoned).

Vanquished Creatures
  2 elephants (Lair:2)
  A black mamba (Lair:1)
  3 cane toads (Lair:1)
  5 komodo dragons
  2 hornets
  Grinder (D:5)
  5 blink frogs (Lair:1)
  22 yaks
  Edmund (D:4)
  4 water moccasins
  An ice beast (D:6)
  An orc warrior (D:7)
  3 sky beasts (D:7)
  4 wolves (Lair:1)
  3 ogres
  5 centaurs
  A phantom (D:4)
  4 kobold brigands
  4 bullfrogs
  Blork the orc (D:7)
  A gnoll sergeant (D:3)
  7 scorpions
  8 wights
  12 killer bees
  A howler monkey (D:3)
  A jelly (D:7)
  6 orc priests
  Crazy Yiuf (D:6)
  2 gnoll boudas
  2 hounds
  Terence (D:3)
  2 iguanas (D:6)
  10 orc wizards
  Robin (D:3)
  22 gnolls
  6 adders
  2 white imps
  An ufetubus (D:5)
  A worm (D:3)
  2 dart slugs
  54 orcs
  10 endoplasms
  A giant cockroach (D:3)
  12 goblins
  10 hobgoblins
  21 jackals
  20 kobolds
  5 quokkas
  6 ball pythons
  8 bats
  4 frilled lizards
  5 rats
318 creatures vanquished.

Vanquished Creatures (others)
  314 foxfires
  A fulminant prism (D:9)
  4 fungi (Lair:1)
  44 plants
363 creatures vanquished.

Grand Total: 681 creatures vanquished

Notes
Turn   | Place    | Note
-------+----------+-------------------------------------------
     0 | D:1      | DemonSlayer the Demonspawn Fire Elementalist began the
                  | quest for the Orb.
     0 | D:1      | Reached XP level 1. HP: 13/13 MP: 3/3
   407 | D:1      | Gained mutation: You are partially covered in thin metallic
                  | scales. (AC +2) [demonic ancestry]
   407 | D:1      | Reached XP level 2. HP: 19/19 MP: 0/5
   410 | D:1      | Learned a level 2 spell: Scorch
  1551 | D:2      | Found a faded altar of an unknown god.
  1601 | D:2      | Gained mutation: You have a pair of small horns on your
                  | head. [demonic ancestry]
  1601 | D:2      | Reached XP level 3. HP: 21/24 MP: 2/6
  2280 | D:2      | Learned a level 2 spell: Blink
  3681 | D:3      | Gained mutation: You are partially covered in sharp spines.
                  | [demonic ancestry]
  3681 | D:3      | Reached XP level 4. HP: 23/30 MP: 7/7
  3731 | D:3      | Learned a level 3 spell: Conjure Flame
  4033 | D:3      | Noticed Robin
  4042 | D:3      | Killed Robin
  4170 | D:3      | Gained mutation: You have a pair of horns on your head.
                  | [demonic ancestry]
  4170 | D:3      | Reached XP level 5. HP: 34/35 MP: 2/9
  4423 | D:3      | Noticed Terence
  4437 | D:3      | Killed Terence
  4805 | D:3      | Gained mutation: You are mostly covered in thin metallic
                  | scales. (AC +3) [demonic ancestry]
  4805 | D:3      | Reached XP level 6. HP: 41/41 MP: 11/11
  5629 | D:3      | Reached XP level 7. HP: 35/46 MP: 1/13
  5828 | D:3      | Reached skill level 5 in Fire Magic
  6168 | D:3      | Learned a level 4 spell: Flame Wave
  6226 | D:4      | Reached skill level 5 in Spellcasting
  6456 | D:4      | Noticed Edmund
  6463 | D:4      | Killed Edmund
  6630 | D:4      | Reached XP level 8. HP: 52/52 MP: 16/16
  7230 | D:4      | Learned a level 3 spell: Stone Arrow
  7251 | D:5      | Entered Level 5 of the Dungeon
  7440 | D:5      | Got Xobap's Opusculum on Darkness and Terrain
  7522 | D:5      | Noticed Grinder
  7529 | D:5      | Killed Grinder
  7690 | D:5      | Found a snail-covered altar of Cheibriados.
  7912 | D:5      | Reached skill level 1 in Throwing
  7984 | D:5      | Learned a level 4 spell: Fulminant Prism
  8507 | D:5      | Became a worshipper of Cheibriados the Contemplative
  8904 | D:6      | Gained mutation: You are completely covered in thin
                  | metallic scales. (AC +4, rElec) [demonic ancestry]
  8904 | D:6      | Reached XP level 9. HP: 43/58 MP: 2/20
  9015 | D:6      | Found a hazy altar of Hepliaklqana.
  9020 | D:6      | Found a shadowy altar of Dithmenos.
  9025 | D:6      | Found a staircase to the Ecumenical Temple.
  9126 | D:6      | Reached * piety under Cheibriados
  9132 | D:6      | Reached skill level 1 in Maces & Flails
  9555 | D:6      | Found a runed translucent door.
  9556 | D:6      | Noticed Crazy Yiuf
  9852 | D:6      | Killed Crazy Yiuf
 10421 | D:7      | Noticed Blork the orc
 10427 | D:7      | Killed Blork the orc
 10526 | D:7      | Reached ** piety under Cheibriados
 10569 | D:7      | Found a hide-covered altar of Uskayaw.
 11452 | D:8      | Gained mutation: A meltable shield of frost defends you.
                  | (SH +4) [demonic ancestry]
 11452 | D:8      | Reached XP level 10. HP: 47/64 MP: 5/23
 11562 | D:8      | Reached *** piety under Cheibriados
 11735 | D:8      | Found an iron altar of Okawaru.
 11736 | D:8      | Found a bloodstained altar of Trog.
 11758 | D:8      | Reached skill level 1 in Fighting
 11879 | D:8      | Found a sacrificial altar of Ru.
 11938 | D:8      | Got the Handbook of Exhumation
 12083 | D:8      | Learned a level 4 spell: Iskenderun's Mystic Blast
 12128 | D:9      | Reached skill level 10 in Spellcasting
 12588 | D:9      | Found a shimmering blue altar of Sif Muna.
 12601 | D:9      | Reached **** piety under Cheibriados
 12711 | D:9      | Reached skill level 10 in Fire Magic
 12882 | D:9      | Reached skill level 1 in Shields
 13282 | D:9      | Found a staircase to the Lair.
 13459 | D:9      | Gained mutation: You are mostly covered in sharp spines.
                  | [demonic ancestry]
 13459 | D:9      | Reached XP level 11. HP: 69/72 MP: 25/25
 13851 | D:9      | Found a stormy altar of Qazlal.
 14006 | Lair:1   | Entered Level 1 of the Lair of Beasts
 14327 | Lair:1   | Reached skill level 1 in Earth Magic
 14341 | Lair:1   | Gained mutation: You have large cloven feet. [potion of
                  | mutation]
 14341 | Lair:1   | Gained mutation: You are weak. (Str -2) [potion of
                  | mutation]
 14341 | Lair:1   | Lost mutation: You are weak. (Str -2) [potion of mutation]
 14366 | Lair:1   | Reached ***** piety under Cheibriados
 15706 | Lair:2   | Slain by a komodo dragon

Illustrated notes

Levels and vault maps discovered:
D:1:      sevenhm_arrival_forest_fort_large_4, layout_rooms,
          minmay_misc_feat_square
D:2:      layout_basic, hellmonk_ecumenical_altar_pennies_from_heaven,
          basic_altar
D:3:      lemuel_castle_with_subvaults [lemuel_castle_interior_carwin_1],
          layout_rooms, minmay_quadrilaterals, uniq_robin, uniq_terence
D:4:      layout_basic, uniq_edmund
D:5:      layout_basic, mainiacjoe_overflow_chevrons, uniq_menkaure,
          uniq_grinder
D:6:      layout_cave_pods, riverfiend_overflow_shadow_ancestor,
          minmay_temple_entry_metal_lava, cheibrodos_sewer_entry_sluice,
          minmay_holes, uniq_blork_the_orc, uniq_crazy_yiuf_cottage
D:7:      layout_basic, mainiacjoe_overflow_concentric_impassable
D:8:      layout_cave_pools, nicolae_overflow_hidden_temple, lemuel_round_altar,
          st_stairs_14, nicolae_grassy_gnolls
D:9:      layout_long_grid, mainiacjoe_overflow_surrounded_room,
          gammafunk_temple_overflow_pools, david_lair_shrubbed
Lair:1:   layout_loops_ring, grunt_megastairs_4
Lair:2:   layout_chaotic_city, minmay_swamp_entry_swarm,
          nicolae_spider_entry_non_spiders, nicolae_volcano_entry_batcave,
          grunt_megastairs_3, uniq_sonja, uniq_urug

Skill      XL: |  1  2  3  4  5  6  7  8  9 10 11 |
---------------+----------------------------------+-----
Fire Magic     | 3 4 6 7 8 10 11 | 11.0
Stealth        | 2 3 |  3.2
Conjurations   | 2 4 |  4.3
Dodging        | 2 3 4 |  4.2
Spellcasting   | 3 4 5 7 9 10 11 | 11.5
Throwing       | 1 |  1.2
Maces & Flails | 1 2 |  2.2
Fighting       | 1 2 |  2.4
Shields        | 1 |  1.6
Earth Magic    | 1 |  1.8
Evocations     | |  0.3

Action                   |  1- 3 |  4- 6 |  7- 9 | 10-12 || total
-------------------------+-------+-------+-------+-------++-------
Melee: Unarmed           |     1 |       |       |       ||     1
       Whip              |    10 |    15 |    12 |    58 ||    95
       Headbutt          |     1 |     4 |     4 |    18 ||    27
Throw: Dart              |     1 |     2 |     5 |     2 ||    10
       Throwing net      |       |     1 |     1 |       ||     2
 Cast: Foxfire           |   107 |    45 |    39 |       ||   191
       Scorch            |       |    93 |   184 |   111 ||   388
       Flame Wave        |       |       |       |     3 ||     3
       Fulminant Prism   |       |       |       |     1 ||     1
       Stone Arrow       |       |       |       |    41 ||    41
Evoke: Wand              |       |       |     3 |       ||     3
  Use: Scroll            |       |       |    18 |     6 ||    24
       Potion            |       |       |       |    13 ||    13
 Stab: Sleeping          |     1 |       |       |       ||     1
Armor: Robe              |     7 |    13 |    30 |    54 ||   104
Dodge: Dodged            |    11 |    28 |    60 |   103 ||   202
Block: Buckler           |       |       |       |    49 ||    49
       Other             |       |       |       |     7 ||     7
